 Dungeon Crawl Stone Soup version 0.29-a0-322-g68df515428 (webtiles) character file.

Game seed: 7781510599861040559

135 GigaChad the Covered (level 4, 0/41 HPs)
             Began as a Minotaur Fighter on Apr 6, 2022.
             Was an Initiate of Nemelex Xobeh.
             Killed from afar by an orc wizard (6 damage)
             ... with a puff of flame
             ... on level 3 of the Dungeon.
             The game lasted 00:06:47 (1692 turns).

GigaChad the Covered (Minotaur Fighter)             Turns: 1692, Time: 00:06:48

Health: 0/41       AC:  9    Str: 20    XL:     4   Next: 96%
Magic:  3/3        EV: 24    Int:  5    God:    Nemelex Xobeh [......]
Gold:   166        SH:  5    Dex: 12    Spells: 3/3 levels left

rFire   . . .      SeeInvis .   a - +1 long sword
rCold   . . .      Faith    .   c - +0 buckler
rNeg    . . .      Spirit   .   b - +1 scale mail
rPois   .          Reflect  .   (helmet restricted)
rElec   .          Harm     .   (no cloak)
rCorr   .          Rampage  .   (no gloves)
Will    .....                   f - +0 pair of boots
Stlth   ..........              g - amulet of the acrobat
HPRegen 0.13/turn               j - ring of wizardry
MPRegen 0.08/turn               (no ring)

@: acrobatic
A: horns 2, retaliatory headbutt
a: Renounce Religion, Draw Escape, Draw Destruction, Draw Summoning


You were on level 3 of the Dungeon.
You worshipped Nemelex Xobeh.
Nemelex Xobeh was noncommittal.
You visited 1 branch of the dungeon, and saw 3 of its levels.

You collected 166 gold pieces.

Inventory:

Hand Weapons
 a - a +1 long sword (weapon)
 e - a +2 dagger of draining
Armour
 b - a +1 scale mail (worn)
 c - a +0 buckler (worn)
 f - a +0 pair of boots (worn)
Jewellery
 g - an amulet of the acrobat (around neck)
 j - a ring of wizardry (left hand)
 l - an amulet of magic regeneration
Scrolls
 k - a scroll of identify
Potions
 d - a potion of might
 h - a potion of mutation
 i - 2 potions of attraction {unknown}
 m - a potion of magic
 n - a potion of brilliance


   Skills:
 + Level 4.4 Fighting
 + Level 3.4 Long Blades
 + Level 5.0 Armour
 + Level 0.9 Dodging
 + Level 4.4 Shields


You had 3 spell levels left.
You didn't know any spells.
Your spell library contained the following spells:

 Spells                   Type           Power      Damage    Failure   Level
 Sandblast                Erth           0%         2d4       56%         1
 Passwall                 Tmut/Erth      0%         N/A       71%         2
 Inner Flame              Hex/Fire       0%         N/A       89%         3
 Stone Arrow              Conj/Erth      0%         3d7       89%         3
 Airstrike                Air            0%         N/A       99%         4
 Cause Fear               Hex            0%         N/A       99%         4
 Summon Lightning Spire   Summ/Air       0%         N/A       99%         4
 Lightning Bolt           Conj/Air       0%         1d11      100%        5
 Discord                  Hex            0%         N/A       100%        8


Dungeon Overview and Level Annotations

Branches:
Dungeon (3/15)

Altars:
Nemelex Xobeh


Innate Abilities, Weirdness & Mutations

You have a pair of horns on your head.
You reflexively headbutt those who attack you in melee.


Message History

A puff of flame appears from out of thin air!
The puff of flame hits you! The orc hits you with a +0 hand axe.
* * * LOW HITPOINT WARNING * * *
You bump into the rock wall.
You hear some strange, mumbled words.
A magic dart appears from out of thin air!
The magic dart hits you but does no damage.
The orc closely misses you.
You miss the orc.
The orc is heavily wounded.
Something hits you but does no damage. The orc hits you but does no damage.
You barely miss the orc. Your headbutt misses the orc.
The orc is heavily wounded.
You feel less confused. Something hits you but does no damage.
The orc hits you with a +0 hand axe.
* * * LOW HITPOINT WARNING * * *
Unknown command.
You slash the orc!
You kill the orc!
You hear some strange, mumbled words.
You are confused.
You bump into the rock wall.
Something hits you but does no damage.
You bump into the rock wall.
Something hits you but does no damage.
You bump into the rock wall.
Something hits you but does no damage.
You bump into the rock wall.
Something hits you but does no damage.
You bump into the rock wall.
You feel less confused. Something hits you.
* * * LOW HITPOINT WARNING * * *
You completely miss something. Your headbutt misses something.
Something hits you.
* * * LOW HITPOINT WARNING * * *
Something hits you but does no damage. Something hits you but does no damage.
You see here a +0 hand axe.
You hear some strange, mumbled words.
A puff of flame appears from out of thin air!
The puff of flame hits you.
You die...
Your body disappears without a glow.

......#
.<...#
....#
...#######
.o##....#
#g##<##.#
#{#####.#
#@).....#
#########


You could see an orc and a goblin.

Vanquished Creatures
  A jelly (D:2)
  An orc wizard (D:3)
  3 adders (D:2)
  2 worms (D:2)
  2 orcs (D:3)
  2 endoplasms
  A giant cockroach (D:2)
  6 goblins
  4 hobgoblins (D:2)
  8 jackals
  2 quokkas (D:1)
  5 ball pythons
  3 bats
  A frilled lizard (D:2)
  5 kobolds
  A rat (D:1)
47 creatures vanquished.

Notes
Turn   | Place    | Note
-------+----------+-------------------------------------------
     0 | D:1      | GigaChad the Minotaur Fighter began the quest for the Orb.
     0 | D:1      | Reached XP level 1. HP: 19/19 MP: 0/0
    85 | D:1      | Reached XP level 2. HP: 26/26 MP: 1/1
   766 | D:2      | Reached skill level 4 in Armour
   788 | D:2      | Reached XP level 3. HP: 25/33 MP: 2/2
   844 | D:2      | Found a sparkling altar of Nemelex Xobeh.
   879 | D:2      | Became a worshipper of Nemelex Xobeh the Trickster
   961 | D:2      | Reached XP level 4. HP: 40/40 MP: 3/3
  1670 | D:3      | Reached skill level 5 in Armour
  1692 | D:3      | Killed from afar by an orc wizard

Illustrated notes

Levels and vault maps discovered:
D:1:      dpeg_arrival_simpleton_c, layout_loops_ring
D:2:      layout_rooms, basic_altar, minmay_randomly_rotated_circles
D:3:      layout_basic, minmay_vboxes, uniq_terence

Skill      XL: |  1  2  3  4 |
---------------+-------------+-----
Fighting       | 4 |  4.4
Shields        | 4 |  4.4
Armour         | 4 5 |  5.0
Long Blades    | 3 |  3.4
Dodging        | |  0.9

Action                   |  1- 3 |  4- 6 || total
-------------------------+-------+-------++-------
Melee: Long sword        |    58 |    63 ||   121
       Headbutt          |    12 |    10 ||    22
  Use: Scroll            |     2 |     5 ||     7
Armor: Scale mail        |    33 |    40 ||    73
Dodge: Dodged            |    36 |    37 ||    73
Block: Buckler           |    20 |    16 ||    36

Table legend: (Time is in decaauts)
 A = Elapsed time spent in this place.
 B = Non-inter-level travel time spent in this place.
 C = Inter-level travel time spent in this place.
 D = Time resting spent in this place.
 E = Time spent auto-exploring this place.
 F = Levels seen in this place.
 G = Mean time per level.
                   A        B        C        D        E       F      G
               +--------+--------+--------+--------+--------+-----+--------+
         Total |   1726 |   1726 |      0 |      0 |    789 |   3 |  575.3 |
       Dungeon |   1726 |   1726 |      0 |      0 |    789 |   3 |  575.3 |
               +--------+--------+--------+--------+--------+-----+--------+

Top non-repeatable levels by time:
     D:2: 968 daAuts
     D:1: 715 daAuts
     D:3: 42 daAuts
